 Dungeon Crawl Stone Soup version 0.20-a0-1018-ge435b50 (webtiles) character file.

110 Ichigo the Chopper (level 4, -2/39 HPs)
             Began as a Hill Orc Fighter on Apr 17, 2017.
             Killed from afar by Natasha (7 damage)
             ... with a magic dart
             ... on level 2 of the Dungeon.
             The game lasted 00:01:48 (1706 turns).

Ichigo the Chopper (Hill Orc Fighter)               Turns: 1706, Time: 00:01:49

Health: -2/39      AC:  9    Str: 19    XL:     4   Next: 91%
Magic:  4/4        EV:  7    Int:  8    God:
Gold:   121        SH:  9    Dex: 10    Spells: 3/3 levels left

rFire    . . .     SeeInvis .   a - +0 war axe
rCold    . . .     Gourm    .   c - +0 shield
rNeg     . . .     Faith    .   b - +0 scale mail
rPois    .         Spirit   .   (no helmet)
rElec    .         Reflect  .   q - +0 cloak
rCorr    .         Harm     .   (no gloves)
MR       .....     Rnd*Tele +   n - +0 pair of boots
Stlth    ..........             (no amulet)
Regen    0.2/turn               e - ring of teleportation (curse)
MPRegen  0.1/turn               (no ring)

@: slowed, very slow
A: no striking features
a: no special abilities


You were on level 2 of the Dungeon.
You were not hungry.

You visited 1 branch of the dungeon, and saw 2 of its levels.

You collected 121 gold pieces.

Inventory:

Hand Weapons
 a - a +0 war axe (weapon)
Armour
 b - a +0 scale mail (worn)
 c - a +0 shield (worn)
 n - a +0 pair of boots (worn)
 q - a +0 cloak (worn)
Jewellery
 e - a cursed ring of teleportation (left hand)
Scrolls
 h - a scroll of remove curse {unknown}
 i - 5 scrolls of identify {unknown}
 j - a scroll of recharging {unknown}
 m - a scroll of random uselessness {unknown}
 r - a scroll of blinking {unknown}
 v - a scroll of teleportation {unknown}
Potions
 l - 3 potions of curing {unknown}
 p - a potion of flight {unknown}
 s - a potion of degeneration {unknown}
 t - a potion of invisibility {unknown}
 u - a potion of lignification {unknown}
Comestibles
 f - 2 bread rations
 g - a royal jelly
 o - 5 fruits


   Skills:
 - Level 3.6 Fighting
 + Level 6.5 Axes
 - Level 3.2 Armour
 - Level 3.2 Shields


You had 3 spell levels left.
You didn't know any spells.

Dungeon Overview and Level Annotations

Branches:
Dungeon (2/15)

Altars:

Annotations:
D:2 Natasha


Message History

Natasha wildly gestures.
You feel disoriented.
Natasha mumbles some strange words.
You miss Natasha. Natasha claws you.
Natasha stares at you and mumbles some strange words.
You feel as though you will be slow longer.
The crimson imp blinks!
You hit Natasha but do no damage. You block Natasha's attack. x2
You hit Natasha.
Natasha is heavily wounded.
Natasha barely misses you. Natasha claws you.
You closely miss Natasha.
Natasha is moderately wounded.
Natasha mumbles some strange words.
You feel disoriented. Natasha claws you!
* * * LOW HITPOINT WARNING * * *
Natasha casts a spell at you. The magic dart hits you!
You die...

.# ##+## #.## .# .#
#.# .######.###### #.#
....#........# #.#
###.#....###.# #.#
###.#.....##.# #.#
.##.#....###.# #.#
..........##.#######.#
###.#.###......5h@...#
###.#.# ####.#########
....#.######.#
#####........#
##########


You could see Natasha and a crimson imp.

Vanquished Creatures
  Natasha (D:2)
  2 adders (D:2)
  4 worms (D:2)
  2 dart slugs (D:1)
  2 leopard geckos (D:2)
  2 giant cockroaches (D:2)
  6 goblins
  13 hobgoblins
  A jackal (D:2)
  4 kobolds
  A quokka (D:2)
  2 bats
  A frilled lizard (D:2)
  6 rats
47 creatures vanquished.

Notes
Turn   | Place    | Note
-------+----------+-------------------------------------------
     0 | D:1      | Ichigo the Hill Orc Fighter began the quest for the Orb.
     0 | D:1      | Reached XP level 1. HP: 19/19 MP: 1/1
    39 | D:1      | Reached skill level 3 in Axes
   157 | D:1      | Reached XP level 2. HP: 26/26 MP: 2/2
   453 | D:1      | Reached skill level 4 in Axes
   902 | D:2      | Reached XP level 3. HP: 30/31 MP: 3/3
  1124 | D:2      | Reached skill level 5 in Axes
  1273 | D:2      | Reached XP level 4. HP: 32/39 MP: 4/4
  1335 | D:2      | Reached skill level 6 in Axes
  1641 | D:2      | Noticed Natasha
  1660 | D:2      | Killed Natasha
  1697 | D:2      | Noticed Natasha
  1706 | D:2      | Killed from afar by Natasha

Vault maps used:
D:1:      lightli_arrival_statuegarden
D:2:      lightli_temple_of_fire, minmay_joined_circles, uniq_natasha

Skill      XL: |  1  2  3  4 |
---------------+-------------+-----
Axes           | 3 4 5 6 |  6.5
Fighting       | |  3.6
Armour         | |  3.2
Shields        | |  3.2

Action                   |  1- 3 |  4- 6 || total
-------------------------+-------+-------++-------
Melee: War axe           |   100 |    55 ||   155
  Use: Potion            |       |     1 ||     1
  Eat: Chunk             |     1 |     2 ||     3
Armor: Scale mail        |    37 |    16 ||    53
Dodge: Dodged            |    25 |    11 ||    36
Block: Shield            |    37 |    23 ||    60
